 Dungeon Crawl Stone Soup version 0.20.0-10-g0535bb4 (webtiles) character file.

288 Hasart the Slasher (level 6, -12/49 HPs)
             Began as a Barachi Fighter on June 4, 2017.
             Mangled by Crazy Yiuf
             ... wielding a +3 quarterstaff of chaos
              (15 damage)
             ... on level 3 of the Dungeon.
             The game lasted 00:07:22 (3161 turns).

Hasart the Slasher (Barachi Fighter)                Turns: 3161, Time: 00:07:24

Health: -12/49     AC: 18    Str: 18    XL:     6   Next: 31%
Magic:  3/6        EV:  4    Int: 10    God:
Gold:   119        SH:  9    Dex: 11    Spells: 5/5 levels left

rFire    . . .     SeeInvis .   a - +0 long sword
rCold    . . .     Gourm    .   c - +0 shield
rNeg     . . .     Faith    .   u - +1 plate armour
rPois    .         Spirit   .   j - +2 hat
rElec    .         Reflect  .   (no cloak)
rCorr    .         Harm     .   q - +2 pair of gloves
MR       .....                  (no boots)
Stlth    ..........             y - amulet of inaccuracy (curse)
Regen    0.2/turn               (no ring)
MPRegen  0.1/turn               (no ring)

@: lethally poisoned (-12 -> -19), slow
A: +LOS, swims, slowness 1, strong legs 1
a: Hop


You were on level 3 of the Dungeon.
You were not hungry.

You visited 1 branch of the dungeon, and saw 3 of its levels.

You collected 119 gold pieces.

Inventory:

Hand Weapons
 a - a +0 long sword (weapon)
Armour
 c - a +0 shield (worn)
 j - a +2 hat (worn)
 q - a +2 pair of gloves (worn)
 u - a +1 plate armour (worn)
Jewellery
 y - a cursed amulet of inaccuracy (around neck)
Wands
 w - a wand of iceblast (5/15)
Scrolls
 b - a scroll of teleportation {unknown}
 d - 2 scrolls of magic mapping {unknown}
 g - a scroll of enchant weapon {unknown}
 h - a scroll of immolation {unknown}
 i - a scroll of amnesia
 n - a scroll of enchant armour
 r - 4 scrolls of blinking
 s - a scroll of fog {unknown}
 t - a scroll of identify {unknown}
Potions
 e - a potion of brilliance {unknown}
 o - 2 potions of cancellation {unknown}
 p - a potion of haste {unknown}
 x - a potion of degeneration {unknown}
Comestibles
 f - 6 bread rations
 k - 11 fruits
 l - 2 royal jellies
 v - a chunk of flesh


   Skills:
 + Level 4.4 Fighting
 * Level 5.0 Long Blades
 + Level 4.6 Armour
 + Level 2.9 Dodging
 + Level 4.1 Shields


You had 5 spell levels left.
You didn't know any spells.

Dungeon Overview and Level Annotations

Branches:
Dungeon (3/15)

Altars:
Gozag

Shops:
D:3 *

Annotations:
D:3 Crazy Yiuf


Innate Abilities, Weirdness & Mutations

Shadows flee at your approach. (+LOS)
You can swim through water.
You cover ground slowly.
You can hop short distances.


Message History

* * * LOW HITPOINT WARNING * * *
Crazy Yiuf burns you.
* * * LOW HITPOINT WARNING * * *
You closely miss Crazy Yiuf.
Crazy Yiuf is severely wounded.
* * * LOW HITPOINT WARNING * * *
You feel sick. Crazy Yiuf hits you but does no damage.
You closely miss Crazy Yiuf.
Crazy Yiuf is severely wounded.
* * * LOW HITPOINT WARNING * * *
You feel sick. Crazy Yiuf hits you but does no damage.
You block Crazy Yiuf's attack.
You hit Crazy Yiuf.
Crazy Yiuf is almost dead.
* * * LOW HITPOINT WARNING * * *
You feel sick.
Crazy Yiuf hits you with a quarterstaff of chaos.
* * * LOW HITPOINT WARNING * * *
You are electrocuted!
You die...

)......#####
.......>...
.......###
.......# .......#
.......#######
####....#..#.###
####
#........#..##...#
#.......####.@g..#
#....#.## ###..)#
######## #### ###
#.# ..# #.# ..#
#.#


You could see Crazy Yiuf.

Vanquished Creatures
  The ghost of Bareth the Chopper, an amateur HOBe of Trog (D:3)
  Ijyb (D:3)
  4 gnolls (D:2)
  5 adders
  3 worms
  3 dart slugs (D:1)
  A leopard gecko (D:2)
  6 giant cockroaches
  9 goblins
  8 hobgoblins
  2 jackals (D:1)
  12 kobolds
  A quokka (D:2)
  2 ball pythons
  9 bats
  6 frilled lizards
  7 rats
80 creatures vanquished.

Notes
Turn   | Place    | Note
-------+----------+-------------------------------------------
     0 | D:1      | Hasart the Barachi Fighter began the quest for the Orb.
     0 | D:1      | Reached XP level 1. HP: 18/18 MP: 1/1
   127 | D:1      | Reached XP level 2. HP: 8/24 MP: 2/2
   142 | D:1      | Reached skill level 1 in Dodging
   333 | D:1      | Reached skill level 3 in Long Blades
   624 | D:1      | Reached XP level 3. HP: 29/29 MP: 3/3
  1406 | D:2      | Reached XP level 4. HP: 31/37 MP: 4/4
  1447 | D:2      | HP: 1/37 [poisoned by an adder]
  2294 | D:3      | Found Gozag's Platinum Reserve.
  2298 | D:2      | Reached skill level 4 in Long Blades
  2306 | D:2      | Reached XP level 5. HP: 40/42 MP: 5/5
  2334 | D:3      | Found an opulent altar of Gozag.
  2364 | D:3      | Noticed Ijyb
  2387 | D:3      | Noticed Bareth's ghost (amateur HOBe)
  2587 | D:3      | Killed Ijyb
  2679 | D:3      | Killed Bareth's ghost
  2679 | D:3      | Reached skill level 5 in Long Blades
  2679 | D:3      | Reached XP level 6. HP: 23/49 MP: 6/6
  3126 | D:3      | Found a runed door.
  3130 | D:3      | Noticed Crazy Yiuf
  3149 | D:3      | HP: 2/49 [Crazy Yiuf/quarterstaff of chaos (4)]
  3161 | D:3      | Mangled by Crazy Yiuf

Skill      XL: |  1  2  3  4  5 |
---------------+----------------+-----
Dodging        | 1 2 |  2.9
Long Blades    | 3 4 5 |  5.0
Armour         | 4 |  4.6
Fighting       | 4 |  4.4
Shields        | 4 |  4.1

Action                   |  1- 3 |  4- 6 || total
-------------------------+-------+-------++-------
Melee: Long sword        |   153 |   276 ||   429
 Abil: Hop               |       |     1 ||     1
  Use: Potion            |       |     3 ||     3
       Scroll            |       |     3 ||     3
  Eat: Chunk             |     2 |     7 ||     9
Armor: Scale mail        |   102 |    23 ||   125
       Plate armour      |       |   133 ||   133
Dodge: Dodged            |    64 |    59 ||   123
Block: Shield            |   114 |   164 ||   278
       Rpst.: Long sword |    10 |    22 ||    32
